[Event "*** Titled Tuesday Blitz"]
[Site "Chess.com"]
[Date "2020.11.10"]
[Round "10"]
[White "Crazy_girl99"]
[Black "BanjoKazooieN64"]
[Result "1/2-1/2"]
[WhiteElo "2497"]
[BlackElo "2397"]
[TimeControl "180+1"]
[EndTime "12:03:10 PST"]
[Termination "Game drawn by stalemate"]

1. Nf3 Nf6 2. g3 g6 3. Bg2 Bg7 4. O-O O-O 5. c4 d6 6. d4 c6 7.
Nc3 Qa5 8. Bd2 Qh5 9. Qb3 Bh3 10.
Qxb7 Nbd7 11. Qxc6 Rac8 12. Qb5 e5 13. dxe5 Rc5 14. Qa4 Nxe5 15. Nxe5 Rxe5 16. Qc6 d5 17. Nxd5 Nxd5 18. cxd5 Bxg2 19. Kxg2 Qxe2 20. Bc3 Qe4+ 21.
Kg1 Qxd5 22. Qxd5 Rxd5 23. Bxg7 Kxg7 24. Rfd1 Rfd8 25. Rxd5 Rxd5 26. b4 Rd2 27. a4 Rb2 28. b5 g5 29. h3 h5 30. g4 hxg4 31. hxg4 Rb4 32. f3 Rb2 33. Re1 Kf6 34. Re4 Ra2 35. Kf1 Rb2 36. Ke1 Ra2 37. Kd1 Rf2 38. Re3 Ra2 39.
Re4 Rf2 40. Rb4 Rxf3 41. a5 Ra3 42. b6 axb6 43. axb6 Ra8 44. Ke2 Ke6 45. Ke3 f5 46. b7 Rb8 47. Rb6+ Ke5 48. Rb5+ Ke6 49. gxf5+ Kf6 50.
Kf3 Kf7 51. Kg4 Kf6 52. Rb6+ Kf7 53. Kxg5 Kg7 54. f6+ Kf7 55. Kf5 Kf8 56. Kg6 Kg8 57.
Rb1 Kf8 58. f7 Rxb7 59. Rxb7 1/2-1/2

[Event "*** Titled Tuesday Blitz"]
[Site "Chess.com"]
[Date "2020.11.10"]
[Round "10"]
[White "GelmanAlexander"]
[Black "eightbyeightchess"]
[Result "1/2-1/2"]
[WhiteElo "2561"]
[BlackElo "2417"]
[TimeControl "180+1"]
[EndTime "12:03:11 PST"]
[Termination "Game drawn - insufficient material"]

1. d4 d5 2. Nc3 Nf6 3. Bf4 Bf5 4. f3 e6 5. g4 Bg6 6. h4 h5 7. g5 Nfd7 8. e4 dxe4 9. fxe4 Bb4 10. Bg2 Nc6 11.
Ne2 e5 12. dxe5 Ndxe5 13. O-O O-O 14. Nd5 Bc5+ 15. Kh1 Ng4 16. Qe1 Re8 17. Ng3 Nd4 18. Nxc7 Nxc2 19. Qc3 Nxa1 20. Qxc5 Rc8 21. Rxa1 Re7 22.
Rc1 b6 23. Qd6 Rd7 24. Qa3 Rd1+ 25. Rxd1 Qxd1+ 26. Nf1 Bxe4 27. Qa6 Bxg2+ 28. Kxg2 Rxc7 29. Bxc7 Qc2+ 30. Kg1 Qxc7 31. Qe2 Qc5+ 32. Kg2 Qd5+ 33. Kg1 Qxa2 34. Qe8+ Kh7 35. Qe4+ g6 36. Qd4 Qe6 37.
Ng3 Qe3+ 38. Qxe3 Nxe3 39. Ne4 a5 40. Kf2 Nc4 41. b3 Ne5 42. Ke3 b5 43. Kd4 Nd7 44. Nd6 Kg7 45. Nxb5 f6 46. gxf6+ Kxf6 47. Nd6 Ke6 48.
Nb7 g5 49. hxg5 h4 50. Ke3 h3 51. Kf3 Kf5 52. Nxa5 Kxg5 53. Kg3 Kf5 54. Kxh3 Ke5 55. Kg3 Kd5 56. Kf3 Kc5 57. Ke3 Kb4 58. Nc6+ Kxb3 1/2-1/2

[Event "*** Titled Tuesday Blitz"]
[Site "Chess.com"]
[Date "2020.11.10"]
[Round "10"]
[White "Omk124"]
[Black "Chessdreamer2020"]
[Result "0-1"]
[WhiteElo "2391"]
[BlackElo "2518"]
[TimeControl "180+1"]
[EndTime "12:03:11 PST"]
[Termination "Chessdreamer2020 won by resignation"]

1. e4 d6 2. d4 Nf6 3. Nc3 e5 4. Nf3 Nbd7 5. Bc4 Be7 6. O-O O-O 7. h3 c6 8. Be3 b5 9. Bd3 a6 10. Nh4 exd4 11. Bxd4 c5 12. Be3 Ne5 13. Nf5 Bxf5 14. exf5 Nxd3 15. Qxd3 d5 16. Bg5 d4 17. Bxf6 Bxf6 18.
Ne4 c4 19. Qg3 Re8 20. Rfe1 Be5 21. Qg4 Qd7 22. Rad1 Kh8 23. f4 Bc7 24. Ng5 h6 25. Nf3 Rxe1+ 26. Rxe1 Re8 27. Ne5 Bxe5 28. fxe5 Qd5 29.
e6 fxe6 30. fxe6 d3 31. cxd3 cxd3 32. Qg6 Qd8 33. Kh2 d2 34. Rf1 Re7 35. Qg4 Kg8 36. Qf3 Qd6+ 37. Kh1 Rxe6 38. Qf7+ Kh8 39. Qf2 Qd3 40.
Rd1 Rd6 41. Qf8+ Kh7 42. Kg1 Qe3+ 43. Qf2 Qd3 44. Qf3 Qd4+ 45. Kf1 Rf6 46. Ke2 Rxf3 47. gxf3 Qxb2 48. Rxd2 Qf6 49. Kf2 Qe6 50. Re2 Qxh3 51.
Ke3 Qe6+ 0-1

[Event "*** Titled Tuesday Blitz"]
[Site "Chess.com"]
[Date "2020.11.10"]
[Round "10"]
[White "queen_iryna"]
[Black "MaxLeto"]
[Result "1-0"]
[WhiteElo "2283"]
[BlackElo "2392"]
[TimeControl "180+1"]
[EndTime "12:03:11 PST"]
[Termination "queen_iryna won by resignation"]

1. e4 c5 2. Nf3 d6 3. Bb5+ Nd7 4. O-O Nf6 5. Re1 g6 6. c3 a6 7. Bxd7+ Bxd7 8. d4 Bc6 9. e5 dxe5 10. Nxe5 Qd5 11. Nxc6 Qxc6 12. dxc5 Qxc5 13. Be3 Qc6 14. Bd4 Bg7 15.
Nd2 Rd8 16. Qe2 Rd7 17. Ne4 Kf8 18. Nxf6 Bxf6 19. Rad1 Kg7 20. Bxf6+ exf6 21. h3 Rhd8 22. Rxd7 Qxd7 23. Qf3 b5 24. Kh2 Qd2 25. Re2 Qd6+ 26. g3 h5 27. h4 Rd7 28. Qe3 Qd1 29. Re1 Qc2 30. Re2 Qb1 31. a3 Rd1 32. Kg2 Rg1+ 33.
Kf3 Qf5+ 34. Qf4 Qd5+ 35. Qe4 Qd1 36. Qe3 Re1 37. b4 Kh7 38. Qd2 Qxe2+ 39. Qxe2 Rxe2 40. Kxe2 g5 41. Kd3 Kg6 42. c4 bxc4+ 43. Kxc4 gxh4 44. gxh4 Kf5 45. a4 Kg4 46. b5 axb5+ 47. axb5 Kxh4 48.
b6 Kg4 49. b7 h4 50. b8=Q h3 51. Qh2 f5 52. Kd4 f4 53. Ke4 f5+ 54. Ke5 Kf3 55. Qxf4+ Kg2 56. Kxf5 h2 57. Qxh2+ Kf1 58. f4 Ke1 59.
Ke5 1-0

[Event "*** Titled Tuesday Blitz"]
[Site "Chess.com"]
[Date "2020.11.10"]
[Round "10"]
[White "ftorodent"]
[Black "Savva09022009"]
[Result "1-0"]
[WhiteElo "2707"]
[BlackElo "2446"]
[TimeControl "180+1"]
[EndTime "12:03:12 PST"]
[Termination "ftorodent won by resignation"]

1. d4 Nf6 2. c4 e6 3. Nf3 d5 4. Nc3 Bb4 5. Qa4+ Nc6 6. e3 O-O 7. Bd2 Bxc3 8. Bxc3 Ne4 9. Qc2 Ne7 10. Bd3 Nxc3 11. Qxc3 b6 12. c5 Bb7 13. O-O Ng6 14.
Rfc1 Nh4 15. Nxh4 Qxh4 16. cxb6 cxb6 17. Qc7 Rab8 18. Qe5 Rfc8 19. Rc7 Qd8 20. Rac1 Rxc7 21. Qxc7 Qf8 22. Qd7 Rc8 23. Rd1 Rb8 24. Qa4 a5 25. Qb5 Qd6 26. Rc1 g6 27. g3 Kg7 28. h4 Rc8 29.
Rxc8 Bxc8 30. Qe8 Qd7 31. Qxd7 Bxd7 32. g4 h6 33. g5 hxg5 34. hxg5 f6 35. gxf6+ Kxf6 36. Kg2 g5 37. Kg3 e5 38. dxe5+ Kxe5 39. f4+ gxf4+ 40.
exf4+ Kf6 41. Kf3 Ke6 42. Ke3 Kd6 43. Kd4 Be6 44. Be2 Bf5 45. Bf3 Be6 46. a3 Bf7 47. f5 Bg8 48. Bh5 Bh7 49. Bg6 Bg8 50. f6 Be6 51. f7 Ke7 52. Ke5 a4 53. f8=Q+ 1-0

[Event "*** Titled Tuesday Blitz"]
[Site "Chess.com"]
[Date "2020.11.10"]
[Round "10"]
[White "hungrycaterpillar4"]
[Black "SerGo055"]
[Result "1-0"]
[WhiteElo "2618"]
[BlackElo "2462"]
[TimeControl "180+1"]
[EndTime "12:03:12 PST"]
[Termination "hungrycaterpillar4 won by checkmate"]

1. c3 Nf6 2. d3 c5 3. e4 d5 4.
e5 Nfd7 5. f4 Nb6 6. Nf3 Bg4 7.
Be2 e6 8. O-O Nc6 9. Na3 Be7 10.
Nc2 Qc7 11. a3 h5 12. h3 Bxf3 13. Bxf3 g6 14. Be3 O-O-O 15. b4 d4 16. cxd4 Nxd4 17.
Nxd4 cxd4 18. Rc1 dxe3 19. Rxc7+ Kxc7 20. Qc1+ Kb8 21. Qxe3 Nd5 22. Qd2 Rd7 23. Rc1 Rhd8 24. Kh1 h4 25. Be4 Bf8 26. Qf2 Bh6 27. Bxd5 Rxd5 28.
Qxh4 Bf8 29. Rc3 R5d7 30. Qg3 Be7 31. Qf3 Rd5 32. g3 a5 33. bxa5 Rxa5 34. Rb3 Rad5 35. h4 Bc5 36. Kg2 Kc7 37. h5 gxh5 38. Qxh5 R8d7 39. Qf3 b6 40. a4 Bd4 41. Rb5 Bc5 42.
a5 Rxd3 43. Qa8 Rd2+ 44. Kh3 Rd8 45. Qa7+ Kc6 46. Rxb6+ Bxb6 47. Qxb6+ Kd7 48. a6 Rc8 49. a7 Ra2 50. Qd6+ Ke8 51. Qb8 Kd7 52. Qb7+ Kd8 53. Qxf7 Ra6 54. Kg4 Ra3 55. Kh5 Ra6 56. Kg6 Ra5 57.
Kf6 Ra6 58. Qe7# 1-0

[Event "*** Titled Tuesday Blitz"]
[Site "Chess.com"]
[Date "2020.11.10"]
[Round "10"]
[White "vladgoncharov"]
[Black "Roman_Ovetchkin"]
[Result "0-1"]
[WhiteElo "2478"]
[BlackElo "2613"]
[TimeControl "180+1"]
[EndTime "12:03:15 PST"]
[Termination "Roman_Ovetchkin won on time"]

1. Nf3 Nf6 2. c4 g6 3. Nc3 Bg7 4. e4 d6 5. d4 O-O 6. Be2 e5 7. O-O Nc6 8. d5 Ne7 9. Ne1 Nd7 10.
Be3 f5 11. f3 f4 12. Bf2 g5 13. Rc1 Ng6 14. Nd3 Rf7 15. c5 Nf6 16. cxd6 cxd6 17.
Nb5 a6 18. Na3 b5 19. Nb4 g4 20. Nc6 Qf8 21. g3 fxg3 22. Bxg3 Bh6 23. Rc3 Nf4 24.
Nc2 gxf3 25. Bxf3 Nh3+ 26. Kg2 Ng5 27. Re1 Bh3+ 28. Kg1 Nfxe4 29. Bxe4 Nxe4 30. Rce3 Bxe3+ 31. Nxe3 Ng5 32. Qh5 Nf3+ 33. Kh1 Nxe1 34. Qxh3 Nf3 35. Qg4+ Kh8 36. Kg2 Qg7 37. Qxg7+ Kxg7 38. Ng4 Kg6 39. Nf2 Ng5 40. h4 Rxf2+ 41. Bxf2 Ne4 42. Bb6 Nf6 43. Ne7+ Kf7 44. Nf5 Nxd5 45. Bf2 Ke6 46. Ng7+ Kf6 47. Nh5+ Kg6 48. Ng3 Nf4+ 49. Kf3 d5 50. Be3 h5 51. Bxf4 Rf8 52. Ne2 Rxf4+ 53. Nxf4+ exf4 54. Kxf4 Kf6 0-1

[Event "*** Titled Tuesday Blitz"]
[Site "Chess.com"]
[Date "2020.11.10"]
[Round "10"]
[White "Gabrielian_Artur"]
[Black "KaterinaMiroshnik"]
[Result "0-1"]
[WhiteElo "2755"]
[BlackElo "2573"]
[TimeControl "180+1"]
[EndTime "12:03:16 PST"]
[Termination "KaterinaMiroshnik won on time"]

1. d4 d6 2. Nf3 Nf6 3. c4 Nbd7 4. Nc3 e5 5. e4 Be7 6. Be2 O-O 7. O-O c6 8. Re1 Qc7 9. h3 Re8 10. d5 Nf8 11. Be3 Ng6 12. Qd2 Bf8 13. Bf1 Kh8 14.
Rac1 Ng8 15. Bd3 c5 16. a3 b6 17. b4 Nf6 18. Bf1 Bd7 19. Rb1 Ne7 20. bxc5 bxc5 21.
Nxe5 dxe5 22. d6 Qa5 23. dxe7 Bxe7 24. Nd5 Qxd2 25. Bxd2 Bd8 26. Rb7 Bc6 27. Rb3 Nd7 28.
Be3 Kg8 29. Reb1 Bb6 30. f3 Ba4 31. R3b2 Nf8 32. Nxb6 axb6 33. Rxb6 Ne6 34. R1b2 Red8 35. Kf2 Be8 36. R6b3 Nd4 37. Rc3 Rdb8 38. Bc1 Rxb2+ 39.
Bxb2 Rb8 40. Bc1 Kf8 41. g3 Rb1 42. Bd3 Ra1 43. f4 Ra2+ 44. Ke3 Rg2 45. fxe5 Rxg3+ 46. Kf2 Rxh3 47. Bd2 Bd7 48. Bf1 Rh5 49. Be3 Rxe5 50. Bd3 h5 51. Rc1 g5 52. Rb1 h4 53. Rb7 Be8 54.
Rc7 Ne6 55. Rc8 g4 56. Kg2 Ke7 0-1

[Event "*** Titled Tuesday Blitz"]
[Site "Chess.com"]
[Date "2020.11.10"]
[Round "10"]
[White "PlotnikovPavel"]
[Black "kai_nov"]
[Result "0-1"]
[WhiteElo "2439"]
[BlackElo "2344"]
[TimeControl "180+1"]
[EndTime "12:03:16 PST"]
[Termination "kai_nov won by checkmate"]

1. e4 c5 2. Nc3 e6 3. Nge2 d5 4. d4 Nc6 5. exd5 exd5 6. Be3 cxd4 7. Nxd4 Nf6 8. Bb5 Bd7 9. O-O Bb4 10. Bg5 Bxc3 11.
bxc3 O-O 12. Nf3 Bg4 13. h3 Bh5 14. Bxf6 Qxf6 15. Qxd5 Bxf3 16. Qxf3 Qxf3 17. gxf3 Rac8 18. Rfe1 g6 19. Re3 Rfd8 20. Rae1 Rd2 21. R3e2 Rxe2 22. Rxe2 a6 23. Bd3 Rc7 24. Re8+ Kg7 25. Kf1 Kf6 26. Ke2 h5 27. Be4 Ne5 28. f4 Nd7 29. Kd2 Nc5 30. Bd3 Ne6 31. Ke3 Rxc3 32. Rb8 Rc7 33. Be4 Nc5 34. Bf3 Ke7 35. Kd4 Ne6+ 36. Ke3 Rxc2 37. Rxb7+ Kf6 38. Bd5 Rc3+ 39. Ke2 Nxf4+ 40. Kd2 Rd3+ 41.
Kc2 Rxd5 42. Rb6+ Kf5 43. Rxa6 Nxh3 44. Ra7 f6 45. f3 Ng5 46. Ra3 Kf4 47. Ra6 Rf5 48. Ra3 Nxf3 49. Ra4+ Kg3 50. Kd1 h4 51. Ra3 h3 52. Ke2 h2 53. Ra8 h1=Q 54. Kd3 Qd1+ 55.
Kc4 Qd4+ 56. Kb3 Rb5+ 57. Ka3 Qb4# 0-1

[Event "*** Titled Tuesday Blitz"]
[Site "Chess.com"]
[Date "2020.11.10"]
[Round "10"]
[White "Msb2"]
[Black "maciek_92"]
[Result "0-1"]
[WhiteElo "2881"]
[BlackElo "2789"]
[TimeControl "180+1"]
[EndTime "12:03:17 PST"]
[Termination "maciek_92 won by checkmate"]

1. d4 f5 2. Bg5 g6 3. Nc3 Bg7 4. e3 d5 5. h4 c6 6. Bf4 Nd7 7. Nf3 Nh6 8. h5 Nf7 9. hxg6 hxg6 10. Rxh8+ Bxh8 11. Ng5 e5 12. Nxf7 Kxf7 13. Bg3 exd4 14. exd4 Qb6 15. Qd2 Qxd4 16. Qh6 Bg7 17. Qh2 Nc5 18.
Rd1 Qf6 19. Bh4 Qe5+ 20. Qxe5 Bxe5 21. Nxd5 Bxb2 22. Nc7 Bc3+ 23. Ke2 Rb8 24. Rd8 b5 25. Kf3 Ne4 26. a4 Ba5 27. Rh8 g5 28. Bg3 Nxg3 29.
fxg3 Kg7 30. Re8 Kf7 31. Rh8 Bc3 32. Rh7+ Kg6 33. Re7 Bf6 34. Re8 bxa4 35. Bc4 c5 36. Rg8+ Kh7 37. Kf2 Bd4+ 38. Kf1 Rb1+ 39. Ke2 Bb7 40. Re8 Bxg2 41. Ne6 Bf1+ 42. Kf3 Bxc4 43. Nxg5+ Kg6 44. Nh3 Rf1+ 45. Kg2 Rc1 46. Ra8 Rxc2+ 47. Kf3 Bd5+ 48. Kf4 Bxa8 49. g4 fxg4 50. Kxg4 Rg2+ 51. Kh4 Rh2 52. Kg4 Rxh3 53. Kf4 a3 54. Kg4 a2 55. Kf4 a1=Q 56. Kg4 Qg1+ 57. Kf4 Qg5# 0-1

[Event "*** Titled Tuesday Blitz"]
[Site "Chess.com"]
[Date "2020.11.10"]
[Round "10"]
[White "Ranindu2003"]
[Black "eCztery"]
[Result "1-0"]
[WhiteElo "2548"]
[BlackElo "2320"]
[TimeControl "180+1"]
[EndTime "12:03:19 PST"]
[Termination "Ranindu2003 won by checkmate"]

1. e4 c5 2. Nf3 g6 3. c3 d5 4. e5 Nc6 5. d4 Bg7 6. h3 Nh6 7. Bb5 O-O 8. O-O Nf5 9. Bxc6 bxc6 10. dxc5 e6 11. Re1 Rb8 12. b4 h6 13. Bf4 a5 14.
Qd2 Kh7 15. a3 Ba6 16. Nd4 Bc4 17. Nxf5 exf5 18. Qd4 Re8 19. Nd2 Ba6 20. Nf3 Qe7 21.
Qd2 g5 22. Bh2 f4 23. h4 f6 24.
Qc2+ Kg8 25. Nd4 fxe5 26. Nxc6 Qf6 27. Nxb8 Rxb8 28. Qa4 f3 29. Bxe5 Qf5 30. Bxb8 Qg4 31. Bg3 gxh4 32. Qe8+ Kh7 33. Qe6 Qg5 34. Qe3 Qg6 35.
Qxf3 hxg3 36. Qxg3 Qh5 37. Re7 Qg6 38. Qxg6+ Kxg6 39.
Re6+ Kf5 40. Rxa6 Bxc3 41. Rd1 d4 42. c6 Ke6 43. b5 Kd6 44. Ra7 a4 45. Rd7+ Ke6 46.
R7xd4 Ba5 47. Re4+ Kf5 48. Re7 Kf6 49. c7 Kxe7 50.
c8=Q Kf7 51. Qc6 Bb4 52. Rd7+ Be7 53. Qe4 Kf6 54. Rxe7 Kg5 55. Rg7+ Kf6 56. Rg6+ Kf7 57. Qe6+ Kf8 58. Rg8# 1-0

[Event "*** Titled Tuesday Blitz"]
[Site "Chess.com"]
[Date "2020.11.10"]
[Round "10"]
[White "MasterKroket"]
[Black "Sueetin"]
[Result "1-0"]
[WhiteElo "2433"]
[BlackElo "2298"]
[TimeControl "180+1"]
[EndTime "12:03:21 PST"]
[Termination "MasterKroket won by resignation"]

1. d4 Nf6 2. c4 e6 3. Nf3 d5 4.
Nc3 Bb4 5. Bg5 Nbd7 6. e3 c5 7. a3 Bxc3+ 8. bxc3 Qa5 9. Qb3 cxd4 10.
exd4 Ne4 11. Bd2 O-O 12. Bd3 dxc4 13. Qxc4 Nxd2 14. Nxd2 Nb6 15. Qb4 Qg5 16. Be4 Nd5 17. Qb2 b6 18. O-O Rb8 19. c4 Ne7 20. Nf3 Qf4 21.
Rfe1 Ba6 22. Qb4 Nf5 23. Qa4 Bb7 24. Bxb7 Rxb7 25. Qc6 Qc7 26. Qe4 Nd6 27. Qh4 Qxc4 28. Rac1 Qa4 29. Re5 Rd7 30. Rg5 Nf5 31. Qf4 h6 32.
Rg4 Qxa3 33. Re1 Rfd8 34. h3 Qb4 35. Re5 Qf8 36. Kh2 Kh8 37. h4 a5 38. h5 a4 39. Qc1 a3 40. Qc2 Rd5 41. Ree4 Ra5 42. Qa2 b5 43. Nd2 b4 44. Nb3 Rad5 45. Rgf4 Qd6 46.
g4 e5 47. dxe5 Rxe5 48. Kg2 Rxe4 49. Rxe4 Nh4+ 50. Kh3 Nf3 51. Kg2 Ng5 52. Re3 Qc6+ 53. f3 Rd1 54. Qe2 Qc2 55. Re8+ Kh7 56. Qxc2+ 1-0

[Event "*** Titled Tuesday Blitz"]
[Site "Chess.com"]
[Date "2020.11.10"]
[Round "10"]
[White "Gusarov91"]
[Black "TigrVShlyape"]
[Result "0-1"]
[WhiteElo "2642"]
[BlackElo "2852"]
[TimeControl "180+1"]
[EndTime "12:03:22 PST"]
[Termination "TigrVShlyape won by resignation"]

1. d4 Nf6 2. Nf3 e6 3. c4 b6 4. g3 a5 5. Bg2 Ba6 6. Nbd2 c6 7. O-O d5 8. Ne5 Bd6 9. b3 O-O 10. Bb2 Ra7 11. Rc1 Qe7 12. Re1 Rd8 13.
Qc2 c5 14. e3 Rc7 15. dxc5 Bxc5 16. Qb1 Bb7 17. Ndf3 dxc4 18. Rxc4 Nbd7 19. Nxd7 Rcxd7 20. Ne5 Rd2 21. Nc6 Bxc6 22. Bxc6 Qd6 23. Bf3 Qd3 24.
Qxd3 R8xd3 25. Rb1 Ne8 26. Be4 Rd8 27. Rc2 f5 28. Rxd2 Rxd2 29. Bc6 Nd6 30. a4 Kf7 31. Bc3 Rc2 32. Be5 Rd2 33. Bxd6 Bxd6 34. Bf3 Ke7 35. Rd1 Rb2 36. Rd3 g6 37. h3 Bc5 38.
Bc6 Bd6 39. h4 h6 40. Kg2 g5 41. hxg5 hxg5 42. g4 fxg4 43. Kg1 g3 44. fxg3 Bxg3 45. Rd7+ Kf6 46. Rd3 Be5 47. Bf3 Kf5 48. Bg2 g4 49.
Rd8 g3 50. Rf8+ Kg5 51. Bh3 Rxb3 52. Bxe6 Rxe3 53. Rf5+ Kg6 54. Bc8 Re2 55. Rf3 Bd4+ 56.
Kf1 g2+ 57. Kxe2 g1=Q 58. Bf5+ Kg5 59. Bd3 Qg2+ 0-1

[Event "*** Titled Tuesday Blitz"]
[Site "Chess.com"]
[Date "2020.11.10"]
[Round "10"]
[White "atalz0"]
[Black "Ajedrez_con_German"]
[Result "0-1"]
[WhiteElo "2403"]
[BlackElo "2537"]
[TimeControl "180+1"]
[EndTime "12:03:23 PST"]
[Termination "Ajedrez_con_German won on time"]

1. d4 e6 2. c4 Nf6 3. Nc3 d5 4.
cxd5 Nxd5 5. e4 Nxc3 6. bxc3 c5 7.
Rb1 Be7 8. Bc4 O-O 9. Ne2 b6 10.
O-O Ba6 11. Bxa6 Nxa6 12. Qd3 Nc7 13. Be3 e5 14. Rfd1 exd4 15. cxd4 cxd4 16. Nxd4 Bc5 17. Nf5 Qxd3 18. Rxd3 Bxe3 19. Rxe3 Rfd8 20. h4 Ne6 21. h5 g6 22. Ne7+ Kf8 23. Nd5 Nc5 24. Nf6 Kg7 25.
e5 Rd3 26. Rbe1 Rad8 27. g4 Rxe3 28. Rxe3 Rd3 29. Re2 g5 30. Kg2 h6 31. Ne4 Ne6 32. Rd2 Nf4+ 33. Kf1 Rxd2 34. Nxd2 Nd3 35. Nc4 b5 36. Nd6 Nxe5 37. Nxb5 a6 38. Nc7 a5 39. f3 Nxf3 40. Kf2 Ne5 41. Kg3 Kf6 42. a4 Nc4 43. Nd5+ Ke5 44. Ne7 Nb6 45. Nf5 Nxa4 46. Nxh6 Kf6 47.
Nf5 Nc3 48. Nd4 a4 49. Nc2 Nb5 50. Kf3 a3 51. Nb4 Nc3 52. Ke3 a2 53. Nc2 Nd5+ 0-1

[Event "*** Titled Tuesday Blitz"]
[Site "Chess.com"]
[Date "2020.11.10"]
[Round "10"]
[White "TST2014"]
[Black "dosto07"]
[Result "0-1"]
[WhiteElo "2473"]
[BlackElo "2327"]
[TimeControl "180+1"]
[EndTime "12:03:23 PST"]
[Termination "dosto07 won on time"]

1. d4 d5 2. c4 dxc4 3. e3 Nf6 4. Bxc4 e6 5. Nf3 c5 6. O-O a6 7. a4 Nc6 8. Qe2 Be7 9. Rd1 O-O 10. dxc5 Qc7 11. e4 Bxc5 12. h3 Nh5 13. e5 Ng3 14. Qe1 Nf5 15. Nc3 Nfd4 16. Nxd4 Bxd4 17. Bf4 Bxe5 18.
Bxe5 Nxe5 19. Bb3 Bd7 20. Rac1 Bc6 21. Ne4 Rfd8 22. Qe3 Rxd1+ 23. Rxd1 Rd8 24. Rd4 h6 25. Nd6 Rxd6 26. Qxe5 Rd7 27. Qxc7 Rxc7 28. a5 Kf8 29. f3 Ke7 30. Kf2 Rd7 31. Ke3 Rxd4 32. Kxd4 Kd6 33. h4 e5+ 34. Kc3 f5 35. Bc2 f4 36. b4 g5 37. hxg5 hxg5 38. Bf5 Bb5 39. Be4 Kc7 40. Bf5 Bf1 41. Bh3 b6 42. Kb3 bxa5 43.
bxa5 Kd6 44. Kb4 Kd5 45. Bc8 Kd4 46. Bb7 Bxg2 47. Bxa6 Bxf3 48. Bf1 g4 49. a6 g3 50. a7 g2 51. Be2 Bd5 52. Bc4 Be4 53. Bb5 Ba8 54.
Ka5 g1=Q 55. Kb6 Qb1 56. Ka5 Kc5 57. Ba4 Qa1 0-1

[Event "*** Titled Tuesday Blitz"]
[Site "Chess.com"]
[Date "2020.11.10"]
[Round "10"]
[White "Harry_Rakkel"]
[Black "jens1102"]
[Result "1/2-1/2"]
[WhiteElo "2526"]
[BlackElo "2383"]
[TimeControl "180+1"]
[EndTime "12:03:26 PST"]
[Termination "Game drawn - insufficient material"]

1. c4 e6 2. g3 c5 3. Bg2 Nc6 4. Nf3 g6 5. d4 cxd4 6. Nxd4 Nge7 7. Nb5 d5 8. cxd5 Nxd5 9. O-O a6 10. N5c3 Nxc3 11.
Nxc3 Bg7 12. Qxd8+ Nxd8 13. Na4 Rb8 14. Bf4 e5 15.
Be3 b5 16. Ba7 Rb7 17. Bxb7 Bxb7 18. Nc5 Bc8 19. Rfd1 O-O 20. Rd6 Nb7 21. Nxb7 Bxb7 22.
Rc1 e4 23. Bd4 Bxd4 24. Rxd4 Re8 25. Rc7 Bc8 26. Ra7 Be6 27. Rxa6 Rc8 28. Kg2 Rc2 29. Rxe6 fxe6 30. Rxe4 Rxb2 31. Rxe6 Kf7 32. Re5 Rxa2 33. Kf3 Rb2 34. h4 Kf6 35. Rc5 b4 36. g4 b3 37.
Rb5 h6 38. g5+ hxg5 39. hxg5+ Kf7 40. Rb6 Rb1 41. Ke3 b2 42. f4 Ke7 43. Kf2 Kd7 44. Ke3 Kc7 45. Rb4 Kd6 46. Ke4 Kc5 47. Rb8 Kc4 48.
Ke5 Kc3 49. e4 Rf1 50. f5 b1=Q 51. Rxb1 Rxb1 52. fxg6 Rb6 53. Kf5 Kd4 54. g7 Rb8 55. e5 Kd5 56. Kf6 Rb6+ 57. Kf7 Rb7+ 58. Kg6 Rb8 59.
Kh7 Kxe5 60. g8=Q Rxg8 61. Kxg8 Kf5 62. Kf7 Kxg5 1/2-1/2

[Event "*** Titled Tuesday Blitz"]
[Site "Chess.com"]
[Date "2020.11.10"]
[Round "10"]
[White "Morshynska"]
[Black "MariaFominykh"]
[Result "1/2-1/2"]
[WhiteElo "2248"]
[BlackElo "2347"]
[TimeControl "180+1"]
[EndTime "12:03:26 PST"]
[Termination "Game drawn by repetition"]

1. Nf3 g6 2. g3 Bg7 3. Bg2 d6 4. O-O e5 5. d3 Ne7 6. e4 O-O 7. Nh4 d5 8. Nc3 c6 9. Kh1 Be6 10.
f4 f5 11. fxe5 dxe4 12. dxe4 Qxd1 13. Rxd1 Bxe5 14. Bg5 Kf7 15. Bxe7 Kxe7 16. exf5 gxf5 17. Re1 Kf6 18. Nf3 Bxc3 19. bxc3 Bd5 20. Nd4 Bxg2+ 21. Kxg2 Nd7 22. Re6+ Kf7 23. Rf1 Rae8 24. Rxf5+ Kg8 25. Rxf8+ Rxf8 26. Re7 Rf7 27. Re8+ Kg7 28. Ne6+ Kf6 29. Nf4 Nb6 30. Re6+ Kg7 31. Re4 Nd5 32. Nxd5 cxd5 33.
Rd4 Rc7 34. Rxd5 Rxc3 35. Rd7+ Kg6 36. Rxb7 Rxc2+ 37. Kh3 Rxa2 38. Kh4 Rxh2+ 39. Kg4 Ra2 40. Rd7 Ra4+ 41. Kh3 a5 42. Rd6+ Kg5 43. Ra6 Ra3 44. Ra8 h5 45. Rg8+ Kf5 46. Kh4 a4 47. Rf8+ Ke4 48.
Ra8 Ra1 49. Kxh5 a3 50. g4 Kf4 51. g5 Rh1+ 52. Kg6 Ra1 53. Ra4+ Ke5 54. Kg7 a2 55. g6 Ke6 56. Ra6+ Ke7 57. Ra7+ Ke6 58. Ra6+ Ke7 59. Ra7+ Ke6 60. Ra6+ 1/2-1/2

[Event "*** Titled Tuesday Blitz"]
[Site "Chess.com"]
[Date "2020.11.10"]
[Round "10"]
[White "GOGIEFF"]
[Black "DenLaz"]
[Result "1-0"]
[WhiteElo "2911"]
[BlackElo "2776"]
[TimeControl "180+1"]
[EndTime "12:03:27 PST"]
[Termination "GOGIEFF won by resignation"]

1. d4 d5 2. c4 c6 3. Nc3 Nf6 4.
cxd5 cxd5 5. Bg5 Ne4 6. Nxe4 dxe4 7. a3 Qd5 8. Bd2 Qxd4 9. Qc2 Nc6 10. e3 Qf6 11. Ne2 Bf5 12. Ng3 Bg6 13. Rc1 e5 14. Qb3 Qe7 15. Bb5 Rc8 16. O-O Qe6 17. Qxe6+ fxe6 18. Ba4 Be7 19. Bc2 Kf7 20. Bxe4 Rhd8 21. Rfd1 Bxe4 22.
Nxe4 h5 23. Kf1 Kg6 24. Ke2 Kf5 25. f3 Kg6 26. Bc3 Kf7 27. Rxd8 Rxd8 28. Rd1 Rxd1 29. Kxd1 b5 30. Ke2 a5 31. Be1 Ke8 32. g4 g6 33.
h3 b4 34. a4 Kd7 35. Kd3 Nd8 36. Nd2 Nb7 37. b3 Nc5+ 38. Kc2 Kc6 39. Nc4 e4 40. Nxa5+ Kd5 41. fxe4+ Nxe4 42. Nc4 hxg4 43. hxg4 g5 44. a5 Kc6 45. a6 Nf6 46. Ne5+ Kb6 47. Kd3 Kxa6 48. Kc4 Nd5 49. Nc6 Bd6 50. Bxb4 Nxe3+ 51. Kd3 Bxb4 52. Nxb4+ Kb5 53. Kxe3 Kxb4 54. Ke4 Kxb3 55.
Ke5 Kc4 56. Kxe6 Kc5 57. Kf5 Kd6 58. Kxg5 Ke7 59. Kh6 Kf8 60. g5 Kg8 61. Kg6 Kf8 62. Kh7 Kf7 63. g6+ Kf6 64. g7 1-0

[Event "*** Titled Tuesday Blitz"]
[Site "Chess.com"]
[Date "2020.11.10"]
[Round "10"]
[White "juli2512"]
[Black "ZverevLev"]
[Result "1-0"]
[WhiteElo "2106"]
[BlackElo "2245"]
[TimeControl "180+1"]
[EndTime "12:03:27 PST"]
[Termination "juli2512 won by checkmate"]

1. e4 c5 2. Nf3 d6 3. d3 Nc6 4. g3 g6 5. Bg2 Bg7 6. O-O e6 7. Re1 Nge7 8. Nbd2 O-O 9. c3 b5 10.
a3 Bb7 11. Nf1 Rc8 12. Bg5 h6 13. Bd2 d5 14. e5 Qb6 15. h4 a5 16. N1h2 h5 17. Qc1 a4 18. Bh6 Na5 19. Qf4 Nb3 20. Rad1 Bxh6 21. Qxh6 Nf5 22. Qf4 d4 23. Bh3 Ne7 24.
Qh6 Qc6 25. Re4 f6 26. exf6 Rxf6 27. Ng5 dxc3 28. Bxe6+ Qxe6 29. Rxe6 c2 30. Qh7+ Kf8 31. Rxf6+ Ke8 32. Qf7+ Kd8 33. Re1 Be4 34. Qf8+ Kd7 35. Qf7 c1=Q 36. Rxc1 Nxc1 37. Nxe4 Rc6 38. Rxc6 Kxc6 39.
Qxe7 Ne2+ 40. Kg2 Nd4 41. Qd6+ Kb7 42. Nxc5+ Ka7 43. Qxd4 Kb6 44. Qb4 Kc6 45. d4 Kd5 46. Nd3 Ke4 47. f3+ Kxd3 48. d5 Kc2 49. Qxb5 g5 50.
hxg5 h4 51. Qxa4+ Kd2 52. Qxh4 Kd3 53. Qe4+ Kd2 54. d6 Kd1 55. d7 Kc1 56. Qc4+ Kxb2 57.
d8=Q Ka1 58. Qdd4+ Kb1 59. Qg1+ Kb2 60. Qe2+ Kxa3 61.
Qge3+ Kb4 62. Qb2+ Kc4 63. Qec3+ Kd5 64. Qbd2+ Ke6 65.
Qce3+ Kf5 66. Qd5+ Kg6 67. Qee4+ Kh5 68. Qh4+ Kg6 69.
Qe6+ Kg7 70. Qhh6# 1-0

[Event "*** Titled Tuesday Blitz"]
[Site "Chess.com"]
[Date "2020.11.10"]
[Round "10"]
[White "Oleksandr_Bortnyk"]
[Black "Semen_Khanin"]
[Result "1-0"]
[WhiteElo "2916"]
[BlackElo "2795"]
[TimeControl "180+1"]
[EndTime "12:03:30 PST"]
[Termination "Oleksandr_Bortnyk won by resignation"]

1. e4 e5 2. Bc4 Nf6 3. d3 Nc6 4. Nc3 Na5 5. Bb3 Nxb3 6. axb3 Be7 7. Qf3 d6 8. Nge2 Be6 9. h3 a6 10. d4 exd4 11. Nxd4 O-O 12. Be3 Qd7 13. g4 d5 14.
e5 Ne4 15. Nxe4 dxe4 16. Qf4 Bc5 17. O-O-O Bxd4 18. Rxd4 Qc6 19. Kb1 a5 20. Rc1 Rfd8 21. Qxe4 Bd5 22. Rcd1 Bxe4 23. Rxd8+ Qe8 24. Rxe8+ Rxe8 25. Rd7 h5 26. f4 hxg4 27. hxg4 Rc8 28. Kc1 Bf3 29. g5 Bg4 30. Rd4 Be6 31. b4 axb4 32. Rxb4 b6 33. Ra4 Kf8 34. b3 Ke7 35. Kb2 g6 36. Ra7 Kd8 37. c4 Bd7 38. Kc3 Bc6 39. Ra1 Ke7 40. Ra2 Rh8 41. Ra7 Kd8 42. e6 fxe6 43. Bd4 Rh3+ 44. Kb4 Kc8 45. Be5 Bb7 46. Ra2 c5+ 47. Ka3 b5 48. cxb5 Bd5 49. Rb2 Kb7 50. Ka4 Kb6 51. b4 cxb4 52. Kxb4 Rd3 53. Bf6 Rf3 54. Bd4+ Kb7 55. Be5 Re3 56. Kc5 Re4 57. Kd6 Rc4 58. Ke7 Rc7+ 59. Bxc7 Kxc7 60. Kf6 Be4 61.
Kxe6 Kb6 62. Kf6 Bf5 63. Re2 Kxb5 64. Re5+ 1-0